 Dungeon Crawl Stone Soup version 0.29.1-1-gd02db6906a (webtiles) character file.

Game seed: 12966128232740391455

85606 raistware the Devastator (level 15, -17/88 HPs)
             Began as an Octopode Conjurer on Sept 30, 2022.
             Was a High Priest of Vehumet.
             Demolished by a +1 dire flail of protection (29 damage)
             ... animated by Zenata
             ... on level 1 of the Elven Halls.
             The game lasted 02:01:02 (28522 turns).

raistware the Devastator (Octopode Conjurer)       Turns: 28522, Time: 02:01:03

Health: -17/88     AC:  5    Str:  7    XL:     15   Next: 84%
Magic:  20/31      EV: 15    Int: 33    God:    Vehumet [*****.]
Gold:   1338       SH:  0    Dex: 17    Spells: 1/39 levels left

rFire   + . .      SeeInvis .   a - staff of fire
rCold   + . .      Faith    .   (no shield)
rNeg    + . .      Spirit   .   (helmet restricted)
rPois   +          Reflect  .   T - amulet of magic regeneration
rElec   .          Harm     .   D - ring of the Mage {Wiz Archmagi}
rCorr   .          Rampage  .   f - ring of willpower
Will    ++...      Archmagi +   Q - ring of protection from cold
Stlth   +++.......              S - ring of poison resistance
HPRegen 0.24/turn               U - +6 ring of dexterity
MPRegen 0.62/turn               V - ring of positive energy
                                l - ring of wizardry
                                W - +6 ring of intelligence

@: studying Unarmed Combat
A: almost no armour, amphibious, 8 rings, camouflage 1, gelatinous body 1,
(nimble swimmer 1), tentacles, iridescent scales 2
a: Renounce Religion


You were on level 1 of the Elven Halls.
You worshipped Vehumet.
Vehumet was extremely pleased with you.
You visited 5 branches of the dungeon, and saw 21 of its levels.
You also visited: Sewer and Bailey.

You collected 2299 gold pieces.
You spent 961 gold pieces at shops.

Inventory:

Hand Weapons
 b - the +12 quarterstaff "Ziushriv" {vorpal, Str+3}
   (You bought it in a shop on level 1 of the Elven Halls)

   It inflicts extra damage upon your enemies.
   Str:       It affects your strength (+3).
Missiles
 q - 7 curare-tipped darts
 y - 21 javelins
 H - 2 silver javelins
 O - 3 silver boomerangs
Armour
 M - a +0 buckler of protection
Magical Staves
 a - a staff of fire (weapon)
Jewellery
 f - a ring of willpower (right tentacle)
 l - a ring of wizardry (on tentacle)
 D - the ring of the Mage (left tentacle) {Wiz Archmagi}
   (You found it on level 7 of the Dungeon)

   [ring of wizardry]

   It improves your spell success rate.
   Archmagi:  It increases the power of your magical spells.
 Q - a ring of protection from cold (on tentacle)
 S - a ring of poison resistance (on tentacle)
 T - an amulet of magic regeneration (around mantle)
 U - a +6 ring of dexterity (on tentacle)
 V - a ring of positive energy (on tentacle)
 W - a +6 ring of intelligence (on tentacle)
 Y - the ring "Ucyzioro" {Fire rPois Str+4 Stlth+}
   (You bought it in a shop on level 2 of the Orcish Mines)

   [ring of fire]

   It enhances your fire magic.
   Str:       It affects your strength (+4).
   rF:        It protects you from fire.
   rC:        It makes you vulnerable to cold.
   rPois:     It protects you from poison.
   Stlth:     It makes you more stealthy.
Wands
 m - a wand of iceblast (20)
 v - a wand of light (3)
 A - a wand of paralysis (12)
 C - a wand of flame (16)
 K - a wand of mindburst (13)
 P - a wand of polymorph (5)
Scrolls
 d - 4 scrolls of amnesia
 e - 2 scrolls of torment {unknown}
 g - 11 scrolls of teleportation
 i - 7 scrolls of enchant weapon
 j - 11 scrolls of enchant armour
 k - 5 scrolls of fear
 n - 2 scrolls of magic mapping
 p - 3 scrolls of blinking
 u - 2 scrolls of immolation
 w - a scroll of acquirement
 x - a scroll of vulnerability {unknown}
 G - 3 scrolls of summoning
 I - a scroll of fog {unknown}
 L - 2 scrolls of poison {unknown}
 X - a scroll of brand weapon
Potions
 c - 7 potions of heal wounds
 h - a potion of cancellation
 o - 9 potions of haste
 r - 7 potions of magic
 s - 2 potions of invisibility
 t - 5 potions of mutation
 z - a potion of brilliance
 B - a potion of might
 E - 4 potions of berserk rage
 F - a potion of resistance
 J - 6 potions of curing
 N - 3 potions of lignification
 R - 2 potions of ambrosia {unknown}


   Skills:
 - Level 3.0 Fighting
 - Level 1.0 Staves
 - Level 4.0 Dodging
 - Level 3.0 Stealth
 * Level 12.6 Spellcasting
 - Level 18.0 Conjurations
 - Level 2.0 Translocations
 + Level 14.9 Fire Magic
 - Level 4.0 Ice Magic
 - Level 4.0 Poison Magic
 - Level 3.0 Evocations


You had one spell level left.
You knew the following spells:

 Your Spells              Type           Power      Damage    Failure   Level
a - Magic Dart            Conj           100%       1d8       0%          1
b - Iskenderun's Mystic   Conj/Tloc      92%        2d18      1%          4
c - Mephitic Cloud        Conj/Pois/Air  81%        N/A       1%          3
d - Freezing Cloud        Conj/Ice/Air   40%        6-21      1%          5
e - Sticky Flame          Conj/Fire      100%       2d11      1%          4
f - Ignition              Fire           66%        3d18      3%          8
g - Spellforged Servitor  Conj/Summ      44%        N/A       5%          7
h - Iron Shot             Conj/Erth      44%        9d9       1%          6

Your spell library contained the following spells:

 Spells                   Type           Power      Damage    Failure   Level
 Foxfire                  Conj/Fire      100%       2x1d9     0%          1
 Freeze                   Ice            100%       1d11      1%          1
 Necrotise                Necr           100%       1d9       1%          1
 Scorch                   Fire           100%       2d10      0%          2
 Searing Ray              Conj           100%       2d8       0%          2
 Conjure Flame            Conj/Fire      100%       6-21      0%          3
 Ensorcelled Hibernation  Hex/Ice        100%       N/A       1%          2
 Static Discharge         Conj/Air       88%        3-14/arc  1%          2
 Dazzling Flash           Conj/Hex       100%       N/A       1%          3
 Frozen Ramparts          Ice            100%       1d16      1%          3
 Gell's Gravitas          Tloc           50%        N/A       1%          3
 Ignite Poison            Fire/Tmut/Pois 96%        N/A       1%          3
 Inner Flame              Hex/Fire       100%       N/A       1%          3
 Spider Form              Tmut/Pois      50%        N/A       1%          3
 Teleport Other           Tloc           50%        N/A       1%          3
 Vampiric Draining        Necr           31%        2d8       1%          3
 Flame Wave               Conj/Fire      100%       2d21      1%          4
 Fulminant Prism          Conj/Hex       44%        3d20      1%          4
 Hailstorm                Conj/Ice       96%        3d19      1%          4
 Olgreb's Toxic Radiance  Pois           63%        N/A       1%          4
 Lightning Bolt           Conj/Air       44%        1d63      1%          5
 Anguish                  Hex/Necr       15%        N/A       6%          4
 Agony                    Necr           31%        N/A       16%         5
 Silence                  Hex/Air        15%        N/A       16%         5
 Ozocubu's Refrigeration  Ice            31%        4d14      34%         7
 Dispersal                Tloc           25%        N/A       36%         6
 Summon Cactus Giant      Summ           15%        N/A       61%         6
 Maxwell's Capacitive Co  Air            15%        ∞         100%        8


Dungeon Overview and Level Annotations

Branches:
Dungeon (12/15)            Temple (1/1) D:4            Lair (5/5) D:11
  Swamp (0/4) Lair:3       Spider (0/4) Lair:2        Slime (0/5) Lair:5
    Orc (2/2) D:11            Elf (1/3) Orc:2         Sewer (visited)
 Bailey (visited)

Altars:
Ashenzari
Dithmenos
Elyvilon
Fedhas
Gozag
Hepliaklqana
Kikubaaqudgha
Makhleb
Nemelex Xobeh
Qazlal
Ru
Sif Muna
Trog
Vehumet
Wu Jian
Xom
Yredelemnul
Zin
The Shining One
Jiyva

Shops:
D:3 (**   Orc:1 [   Orc:2 ([=*   Elf:1 (

Portals:
Hell: Lair:5

Annotations:
Elf:1 Zenata


Innate Abilities, Weirdness & Mutations

You cannot wear most types of armour.
You are amphibious.
You can wear up to eight rings at the same time.
Your skin changes colour to match your surroundings (Stealth+).
Your rubbery body absorbs attacks. (AC +1, EV +1)
((You are camouflaged when in or above water. (Stealth+)))
You have tentacles for arms and can constrict up to eight enemies at once.
You are mostly covered in iridescent scales. (AC +4)


Message History

The iron shot misses Zenata.
Unknown command.
Unknown command.
The +1 dire flail of protection hits you.
Zenata screams, "I nearly understand...
Get out of my way!"
Zenata hits your spellforged servitor with a +5 executioner's axe!!!
Unknown command.
Unknown command.
Unknown command.
The +1 dire flail of protection hits you!
* * * LOW HITPOINT WARNING * * *
Zenata hits your spellforged servitor with a +5 executioner's axe!!
The +1 dire flail of protection closely misses you.
Your spellforged servitor gestures at Zenata while chanting.
The iron shot misses Zenata.
Unknown command.
Unknown command.
Unknown command.
Casting: Ignition (dangerous; 3% risk of failure)
Confirm with . or Enter, or press ? or * to list all spells.
You feel a surge of power!
You erupt in a blast of force!
The mystic blast hits the +1 dire flail of protection.
The +1 dire flail of protection is lightly damaged.
The +1 dire flail of protection is knocked back by the mystic blast.
The +1 dire flail of protection collides with your spellforged servitor!
You destroy your spellforged servitor!
Your spellforged servitor disappears in a puff of smoke!
The +1 dire flail of protection is moderately damaged.
Unknown command.
Unknown command.
The +1 dire flail of protection hits you!
* * * LOW HITPOINT WARNING * * *
Casting: Iskenderun's Mystic Blast (safe; 1% risk of failure)
Confirm with . or Enter, or press ? or * to list all spells.
You feel a surge of power!
You erupt in a blast of force!
The mystic blast hits the +1 dire flail of protection but does no damage.
The +1 dire flail of protection is moderately damaged.
The +1 dire flail of protection misses you.
The +1 dire flail of protection hits you!!
You die...

###+### ... #+.....## ....
##.......##....
#.........#...
####(........#...
+..'a..(@....#
####.........# #.........#
##......)##
#####.....#)###+##
###...########'#...##
#...).....# ##)....##
#.........####.......#####
#..(......'..'.......'....


You could see Zenata (strong) and 2 dancing weapons.

Vanquished Creatures
  A deep elf sorcerer (Elf:1)
  A dire elephant (Lair:5)
  Snorg (D:11)
  Josephine (D:10)
  5 hydras
  4 two-headed ogres
  2 catoblepae
  A centaur warrior (D:10)
  An orc high priest (Orc:2)
  3 deep elf knights (Elf:1)
  A deep elf archer (Elf:1)
  A wizard (Lair:5)
  5 deep elf pyromancers
  2 orc knights
  A deep elf zephyrmancer (Elf:1)
  An orc sorcerer (Orc:2)
  3 cyclopes
  A manticore (D:12)
  13 elephants
  An orange demon (Lair:5)
  13 cane toads
  2 unseen horrors (D:10)
  A gargoyle (D:10)
  Maggie (D:6)
  5 rime drakes
  7 komodo dragons
  3 kobold demonologists (D:12)
  3 ice devils (Lair:5)
  A hellwing (Lair:5)
  2 polar bears (Lair:5)
  3 trolls
  A tyrant leech (Lair:3)
  3 slime creatures (D:12)
  22 blink frogs
  6 saltlings (Orc:2)
  7 dream sheep (Lair:3)
  7 wraiths
  A vampire (D:7)
  58 yaks
  A shadow (D:10)
  4 wyverns
  A redback (Lair:2)
  8 vampire mosquitoes
  3 basilisks
  A warg (Orc:2)
  3 swamp worms (Lair:3)
  2 acid dragons (D:10)
  29 orc warriors
  9 water moccasins
  2 ice beasts
  4 sky beasts
  4 black bears
  6 centaurs
  An ogre (Orc:2)
  12 wolves
  12 kobold brigands
  11 bullfrogs
  2 gnoll sergeants
  A necrophage (D:5)
  2 scorpions (D:5)
  5 wights (D:10)
  7 killer bees
  A howler monkey (D:10)
  An electric eel (Lair:1)
  A hound (D:6)
  2 gnoll boudas
  A jelly (D:5)
  12 orc priests
  An iguana (D:5)
  Natasha (twice) (D:2)
  15 orc wizards
  Robin (D:2)
  9 gnolls
  12 adders
  A shadow imp (D:5)
  2 white imps
  4 worms
  66 orcs
  8 ball pythons
  7 endoplasms
  5 giant cockroaches
  27 goblins
  9 hobgoblins
  2 quokkas
  10 bats
  2 frilled lizards
  39 kobolds
  9 rats
  4 bushes (Lair:1)
  A butterfly (Lair:2)
  14 pillars of salt (Orc:2)
593 creatures vanquished.

Vanquished Creatures (collateral kills)
  A stone giant (Orc:2)
  3 hydras (Lair:5)
  The ghost of sentinel the Thaumaturge, a journeyman MeEE of Cheibriados (Lair:5)
  4 two-headed ogres
  3 dancing weapons (Elf:1)
  An orc high priest (Orc:2)
  A death yak (Lair:5)
  Urug (Orc:1)
  A deep elf knight (Elf:1)
  A sun demon (Lair:5)
  Sonja (Orc:2)
  4 deep elf pyromancers (Elf:1)
  7 orc knights
  A deep elf zephyrmancer (Elf:1)
  3 orc sorcerers
  A cyclops (Orc:2)
  4 elephants (Lair:5)
  An orange demon (Lair:5)
  A cane toad (Lair:5)
  An ice devil (Lair:5)
  A nameless horror (Lair:5)
  A saltling (Orc:2)
  4 yaks (Lair:5)
  A water elemental (Elf:1)
  A fire elemental (Elf:1)
  2 wargs (Orc:2)
  A water moccasin (Lair:5)
  3 hell hounds (Lair:5)
  7 orc warriors
  3 ogres (Orc:2)
  3 orc priests
  5 orc wizards
  12 orcs
  4 pillars of salt (Orc:2)
89 creatures vanquished.

Vanquished Creatures (others)
  12 bushes
  49 fungi
  4 pillars of salt (Orc:2)
  116 plants
  11 withered plants (D:1)
192 creatures vanquished.

Grand Total: 874 creatures vanquished

Notes
Turn   | Place    | Note
-------+----------+-------------------------------------------
     0 | D:1      | raistware the Octopode Conjurer began the quest for the
                  | Orb.
     0 | D:1      | Reached XP level 1. HP: 11/11 MP: 3/3
    47 | D:1      | Found a faded altar of an unknown god.
   459 | D:1      | Reached XP level 2. HP: 17/17 MP: 2/5
  1108 | D:2      | Noticed Natasha
  1118 | D:2      | Noticed a crimson imp
  1119 | D:2      | Killed Natasha
  1120 | D:2      | Reached XP level 3. HP: 21/21 MP: 8/8
  1197 | D:2      | Noticed Natasha
  1214 | D:2      | Killed Natasha
  1215 | D:2      | Reached XP level 4. HP: 15/27 MP: 10/10
  1220 | D:2      | Learned a level 4 spell: Iskenderun's Mystic Blast
  1673 | D:2      | Noticed Robin
  1685 | D:2      | Reached skill level 1 in Translocations
  1701 | D:2      | Killed Robin
  2036 | D:2      | Reached XP level 5. HP: 31/31 MP: 11/11
  2055 | D:2      | Found an ornate altar of the Wu Jian Council.
  2460 | D:3      | Found Besalal's General Store.
  2464 | D:3      | Bought a scroll of teleportation for 39 gold pieces
  2829 | D:3      | Found Genode's Assorted Antiques.
  2834 | D:3      | Bought a viscous pink potion for 24 gold pieces
  2834 | D:3      | Bought a scroll labelled SUENAP YPLEQUTS for 27 gold pieces
  2834 | D:3      | Bought a scroll labelled EMNUK LEROPI for 27 gold pieces
  2834 | D:3      | Bought a bubbling dark potion for 24 gold pieces
  2965 | D:3      | Learned a level 3 spell: Mephitic Cloud
  3099 | D:3      | Found Janourug's Weapon Boutique.
  3140 | D:3      | Gained mutation: You are agile. (Dex +4, Str/Int -1)
                  | [potion of mutation]
  3140 | D:3      | Gained mutation: You have hidden genetic defects. [potion
                  | of mutation]
  3140 | D:3      | Gained mutation: You are partially covered in iridescent
                  | scales. (AC +2) [potion of mutation]
  3146 | D:3      | Reached skill level 5 in Conjurations
  3148 | D:3      | Reached XP level 6. HP: 8/36 MP: 7/12
  3157 | D:3      | Gained mutation: You are occasionally teleported next to
                  | monsters. [hidden defects]
  3167 | D:3      | Lost mutation: You are partially covered in iridescent
                  | scales. (AC +2) [potion of mutation]
  3167 | D:3      | Lost mutation: You are agile. (Dex +4, Str/Int -1) [potion
                  | of mutation]
  3167 | D:3      | Gained mutation: You sometimes lose your temper in combat.
                  | [potion of mutation]
  3167 | D:3      | Gained mutation: You passively dampen the noise of your
                  | surroundings. [potion of mutation]
  3167 | D:3      | Lost mutation: You have hidden genetic defects. [potion of
                  | mutation]
  3167 | D:3      | Gained mutation: You have supernaturally acute eyesight.
                  | (SInv) [potion of mutation]
  3168 | D:3      | Lost mutation: You have supernaturally acute eyesight.
                  | (SInv) [potion of mutation]
  3168 | D:3      | Lost mutation: You sometimes lose your temper in combat.
                  | [potion of mutation]
  3168 | D:3      | Lost mutation: You are occasionally teleported next to
                  | monsters. [potion of mutation]
  3168 | D:3      | Gained mutation: You are partially covered in iridescent
                  | scales. (AC +2) [potion of mutation]
  3168 | D:3      | Lost mutation: You passively dampen the noise of your
                  | surroundings. [potion of mutation]
  3168 | D:3      | Gained mutation: You are mostly covered in iridescent
                  | scales. (AC +4) [potion of mutation]
  3725 | D:4      | Found a basalt altar of Yredelemnul.
  3915 | D:4      | Noticed a sky beast
  3934 | D:4      | Learned a level 5 spell: Freezing Cloud
  3975 | D:4      | Found a broken altar of Ashenzari.
  4154 | D:4      | Reached skill level 1 in Poison Magic
  4452 | D:4      | Found a staircase to the Ecumenical Temple.
  4458 | Temple   | Entered the Ecumenical Temple
  4578 | Temple   | Became a worshipper of Vehumet
  4604 | D:4      | Noticed a black bear
  4693 | D:4      | Killed a sky beast
  4694 | D:4      | Reached skill level 6 in Conjurations
  4963 | D:4      | Killed a black bear
  4964 | D:4      | Reached XP level 7. HP: 41/41 MP: 5/13
  5038 | D:5      | Entered Level 5 of the Dungeon
  5560 | D:5      | Reached skill level 7 in Conjurations
  5694 | D:5      | Found a glowing drain.
  5730 | Sewer    | Entered a sewer
  5997 | Sewer    | Reached XP level 8. HP: 40/46 MP: 8/14
  6096 | Sewer    | Reached * piety under Vehumet
  6096 | Sewer    | Offered knowledge of Foxfire by Vehumet.
  6460 | D:5      | Identified the +0 ring mail of Amorality {Contam Str+6
                  | Int+7}
  6505 | D:3      | Bought a scroll labelled UNEAWE POZXINT for 27 gold pieces
  6746 | D:6      | Noticed a troll
  6776 | D:6      | Killed a troll
  6777 | D:6      | Reached skill level 5 in Spellcasting
  6777 | D:6      | Reached skill level 8 in Conjurations
  6777 | D:6      | Reached skill level 1 in Fighting
  7158 | D:6      | Found a burning altar of Makhleb.
  7173 | D:6      | Noticed Maggie
  7460 | D:6      | Killed Maggie
  7461 | D:6      | Reached skill level 9 in Conjurations
  7461 | D:6      | Reached XP level 9. HP: 53/53 MP: 7/18
  7523 | D:6      | Reached skill level 10 in Conjurations
  7796 | D:6      | Found a shimmering blue altar of Sif Muna.
  8398 | D:7      | Found a hazy altar of Hepliaklqana.
  8537 | D:7      | Found an opulent altar of Gozag.
  8930 | D:7      | Found the ring of the Mage {Wiz Archmagi}
  9291 | D:7      | Reached skill level 1 in Ice Magic
  9291 | D:7      | Reached skill level 1 in Evocations
  9413 | D:7      | Reached skill level 11 in Conjurations
  9420 | D:7      | Reached XP level 10. HP: 58/58 MP: 19/19
  9664 | D:8      | Found a flagged portal.
  9674 | D:8      | Reached ** piety under Vehumet
  9674 | D:8      | Offered knowledge of Poisonous Vapours by Vehumet.
  9684 | Bailey   | Entered a bailey
 10091 | Bailey   | Noticed an orc knight
 10101 | Bailey   | Killed an orc knight
 10420 | Bailey   | Offered knowledge of Inner Flame by Vehumet.
 10588 | D:8      | Reached skill level 12 in Conjurations
 10592 | D:8      | Reached *** piety under Vehumet
 11133 | D:8      | Found a shadowy altar of Dithmenos.
 11144 | D:8      | Found a stormy altar of Qazlal.
 11205 | D:8      | Found a bloodstained altar of Trog.
 11413 | D:9      | Reached skill level 1 in Staves
 11667 | D:9      | Offered knowledge of Frozen Ramparts by Vehumet.
 12318 | D:10     | Entered Level 10 of the Dungeon
 12581 | D:10     | Found an ornate altar of the Wu Jian Council.
 13042 | D:10     | Reached **** piety under Vehumet
 13056 | D:10     | Reached XP level 11. HP: 39/63 MP: 12/22
 13421 | D:10     | Noticed a centaur warrior
 13432 | D:10     | Noticed a two-headed ogre
 13432 | D:10     | Offered knowledge of Sticky Flame by Vehumet.
 13434 | D:10     | Noticed a deep elf pyromancer
 13436 | D:10     | Killed a centaur warrior
 13437 | D:10     | Reached skill level 13 in Conjurations
 13458 | D:10     | Killed a two-headed ogre
 13473 | D:10     | Killed a deep elf pyromancer
 13554 | D:10     | Reached skill level 14 in Conjurations
 14604 | D:10     | Noticed Josephine
 14608 | D:10     | Killed Josephine
 15006 | D:10     | Learned a level 4 spell: Sticky Flame
 15009 | D:11     | Found a transporter.
 15009 | D:11     | Found a transporter.
 15079 | D:11     | Noticed a two-headed ogre
 15085 | D:11     | Killed a two-headed ogre
 15086 | D:11     | Reached skill level 1 in Fire Magic
 15086 | D:11     | Reached XP level 12. HP: 70/70 MP: 20/25
 15314 | D:11     | Noticed a six-headed hydra
 15319 | D:11     | Killed a six-headed hydra
 15444 | D:11     | Reached ***** piety under Vehumet
 15444 | D:11     | Noticed Snorg
 15450 | D:11     | Reached skill level 15 in Conjurations
 15454 | D:11     | Offered knowledge of Orb of Destruction by Vehumet.
 15454 | D:11     | Killed Snorg
 15711 | D:11     | Found a staircase to the Lair.
 15755 | D:11     | Noticed a two-headed ogre
 15911 | D:11     | Killed a two-headed ogre
 15961 | D:11     | Found a staircase to the Orcish Mines.
 15967 | D:11     | You fall into a shaft and drop 1 floor!
 16037 | D:12     | Noticed a two-headed ogre
 16083 | D:12     | Reached skill level 5 in Fire Magic
 17255 | D:12     | Killed a two-headed ogre
 17349 | Lair:1   | Entered Level 1 of the Lair of Beasts
 17546 | Lair:1   | Identified a scroll of acquirement
 17612 | Lair:1   | Reached XP level 13. HP: 51/77 MP: 17/26
 18209 | Lair:1   | Reached skill level 16 in Conjurations
 19155 | Lair:2   | Reached skill level 10 in Spellcasting
 19164 | Lair:2   | Learned a level 8 spell: Ignition
 19862 | Lair:2   | Found a hole to the Spider Nest.
 20679 | Lair:3   | Reached skill level 10 in Fire Magic
 21252 | Lair:3   | Reached XP level 14. HP: 75/83 MP: 18/28
 21757 | Lair:3   | Found a staircase to the Swamp.
 22970 | Lair:5   | Entered Level 5 of the Lair of Beasts
 22991 | Lair:5   | Offered knowledge of Spellforged Servitor by Vehumet.
 23011 | Lair:5   | Learned a level 7 spell: Spellforged Servitor
 23199 | Lair:5   | Noticed sentinel's ghost (journeyman MeEE)
 23245 | Lair:5   | Reached skill level 17 in Conjurations
 23323 | Lair:5   | Found a runed translucent door.
 23804 | Lair:5   | Found a staircase to the Slime Pits.
 23805 | Lair:5   | Found a viscous altar of Jiyva.
 24354 | Lair:5   | Noticed a dire elephant
 24371 | Lair:5   | Killed a dire elephant
 24737 | Lair:5   | Found a burning altar of Makhleb.
 24939 | Lair:5   | Found a gateway to Hell.
 25369 | Lair:5   | Killed sentinel's ghost
 25370 | Lair:5   | Reached XP level 15. HP: 88/88 MP: 30/30
 25512 | Orc:1    | Entered Level 1 of the Orcish Mines
 25512 | Orc:1    | Found Qeniym's Armour Shop.
 25544 | Orc:1    | Noticed Urug
 25547 | Orc:1    | Killed Urug
 26076 | Orc:2    | Entered Level 2 of the Orcish Mines
 26079 | Orc:2    | Found a staircase to the Elven Halls.
 26094 | Orc:2    | Offered knowledge of Iron Shot by Vehumet.
 26325 | Orc:2    | Noticed Sonja
 26332 | Orc:2    | Killed Sonja
 27647 | Orc:2    | Found Roelech's Weapon Boutique.
 27650 | Orc:2    | Found Sausu's Armour Boutique.
 27700 | Orc:2    | Found Qoloalin's Assorted Antiques.
 27734 | Orc:2    | Found Afoat's Jewellery Shop.
 27848 | Orc:2    | Bought the ring "Ucyzioro" {Fire rPois Str+4 Stlth+} for
                  | 568 gold pieces
 27924 | Elf:1    | Entered Level 1 of the Elven Halls
 27930 | Elf:1    | Reached skill level 18 in Conjurations
 28054 | Elf:1    | Noticed a deep elf sorcerer
 28063 | Elf:1    | Killed a deep elf sorcerer
 28106 | Elf:1    | Learned a level 6 spell: Iron Shot
 28311 | Elf:1    | Found Xitsus's Antique Weapon Shop.
 28319 | Elf:1    | Bought a buzzing quarterstaff for 225 gold pieces
 28319 | Elf:1    | Identified the +12 quarterstaff "Ziushriv" {vorpal, Str+3}
                  | (You bought it in a shop on level 1 of the Elven Halls)
 28515 | Elf:1    | Noticed Zenata
 28522 | Elf:1    | Demolished by a +1 dire flail of protection

Illustrated notes

Levels and vault maps discovered:
D:1:      spicycebolla_arrival_clurvy, layout_basic,
          shapermc_ecumenical_altar_flowoftime
D:2:      layout_basic, basic_altar, uniq_natasha, uniq_robin
D:3:      layout_loops_ring, serial_shops, nicolae_shop_hallway_plus,
          nicolae_square_shop, shop_statue, grunt_ministairs_2
D:4:      layout_basic, kennysheep_mini_moat, mainiacjoe_overflow_boulevard,
          minmay_temple_entry_enclosed_plants, minmay_crystal_room
D:5:      layout_gridville, cheibrodos_sewer_entry_drain, minmay_misc_feat_x
D:6:      layout_basic, nicolae_sif_muna_little_library,
          mainiacjoe_overflow_concentric_impassable, minmay_splitting_lines,
          kennysheep_decorative_pillar, minivault_26, minmay_fountain_box,
          minmay_manual_mandibuliform, uniq_maggie
D:7:      layout_basic, nicolae_hepliaklqana_hazy_memory,
          nicolae_gozag_seed_capital, eino_small_chamber_without_monster,
          minmay_liquid_box
D:8:      layout_cave_pools, trog_hazing_becter,
          amethyst_overflow_temple_binary, enter_bailey_5,
          ebering_dispersal_statue_hall
D:9:      layout_loops_ring, kennysheep_generic_room_11
D:10:     cheibrodos_ideogram_h, layout_loops_corners,
          nzn_wu_jian_contemplation, minmay_misc_feat_tiny,
          chequers_serial_rivers_room_a, minmay_starry_boxes, uniq_josephine
D:11:     layout_loops_ring, grunt_lair_entry_orc_guard_hut, david_orc_4,
          nicolae_diode_stairs, uniq_snorg
D:12:     layout_cross, serial_glass, glass_columns_a, glass_columns_b
Temple:   nicolae_temple_slightly_damp_pantheon
Lair:1:   layout_long_grid, fungi_pond_lemuel, minmay_hedge_maze,
          lemuel_old_faithful
Lair:2:   layout_loops_ring, spider_nest_entry_webs, lemuel_fruit_fields
Lair:3:   layout_hall_layers, minmay_swamp_entry_worms, serial_bayou_lagoon_a
Lair:4:   layout_cave_pods, lemuel_fruit_tree, grunt_megastairs_2
Lair:5:   evil_forest, layout_cave_pods, slime_entry_1,
          hellmonk_ghost_happy_afterlife
Orc:1:    layout_diamond_mine, special_room [special_room_orc], serial_shops,
          shop, basic_altar, nicolae_orc_pool_cavern, library_closet, uniq_urug
Orc:2:    hellmonk_orc_salted, layout_caves, david_defended_altar_orc,
          uniq_sonja
Elf:1:    elf_arrival_001, layout_geoelf_octagon, serial_shops, shop,
          orc_legates, uniq_zenata

Skill      XL: |  1  2  3  4  5  6  7  8  9 10 11 12 13 14 15 |
---------------+----------------------------------------------+-----
Spellcasting   | 3 4 6 7 9 10 11 12 | 12.6
Stealth        | 3 |  3.0
Translocations | 1 2 |  2.0
Conjurations   | 5 6 7 9 11 12 14 15 16 17 18 | 18.0
Poison Magic   | 3 4 |  4.0
Fighting       | 1 2 3 |  3.0
Ice Magic      | 2 4 |  4.0
Evocations     | 1 2 3 |  3.0
Dodging        | 3 4 |  4.0
Staves         | 1 |  1.0
Fire Magic     | 1 7 10 13 14 | 14.9

Action                   |  1- 3 |  4- 6 |  7- 9 | 10-12 | 13-15 || total
-------------------------+-------+-------+-------+-------+-------++-------
Melee: Unarmed           |    13 |       |       |       |       ||    13
       Constrict         |    10 |    10 |    24 |    34 |    34 ||   112
       Tentacles         |     7 |    11 |    33 |    64 |    30 ||   145
       Quarterstaff      |     3 |       |       |     3 |    28 ||    34
       Dagger            |     7 |    46 |   118 |   175 |       ||   346
       Punch             |       |       |     5 |     4 |     3 ||    12
       Staff             |       |       |       |       |    98 ||    98
Throw: Dart              |       |    16 |    18 |    13 |     7 ||    54
       Javelin           |       |       |     1 |       |       ||     1
       Throwing net      |       |       |       |     2 |     2 ||     4
 Cast: Magic Dart        |    29 |   103 |   116 |   125 |    98 ||   471
       Iskenderun's Myst |       |     6 |    12 |    56 |    79 ||   153
       Mephitic Cloud    |       |     2 |    14 |    23 |       ||    39
       Freezing Cloud    |       |       |     2 |    57 |    99 ||   158
       Spellforged Servi |       |       |       |       |    43 ||    43
       Sticky Flame      |       |       |       |       |     8 ||     8
       Ignition          |       |       |       |       |     8 ||     8
Evoke: Wand              |       |     1 |    13 |    10 |       ||    24
  Use: Potion            |       |     7 |     1 |     1 |       ||     9
       Scroll            |       |     1 |       |    15 |     7 ||    23
 Stab: Sleeping          |     2 |     7 |     2 |     1 |       ||    12
       Confused          |       |       |     2 |     6 |       ||     8
       Paralysed         |       |       |       |     2 |       ||     2
Armor: Skin              |     2 |    10 |    24 |    22 |    23 ||    81
Dodge: Dodged            |     3 |    31 |    60 |    74 |    91 ||   259
